 Dungeon Crawl Stone Soup version 0.30.1-3-gfc49f6343a (webtiles) character file.

Game seed: 9265131737631157388

40 Fodor the Trooper (level 3, -2/33 HPs)
             Began as a Minotaur Fighter on Aug 2, 2023.
             Killed from afar by Terence (15 damage)
             ... with a bolt of dispelling energy
             ... on level 2 of the Dungeon.
             The game lasted 00:06:06 (930 turns).

Fodor the Trooper (Minotaur Fighter)                 Turns: 930, Time: 00:06:06

Health: -2/33      AC:  7    Str: 22    XL:     3   Next: 30%
Magic:  2/2        EV: 14    Int:  5    God:
Gold:   65         SH:  4    Dex:  9    Spells: 2/2 levels left

rFire   . . .        i - +2 falchion (freeze)
rCold   . . .        c - +0 buckler
rNeg    . . .        b - +0 scale mail
rPois   .            (helmet restricted)
rElec   .            (no cloak)
rCorr   .            (no gloves)
SInv    .            (no boots)
Will    .....        (no amulet) Stlth
                     h - +5 ring of evasion
HPRegen 0.25/turn    (no ring)
MPRegen 0.08/turn

%: no passive effects
@: no status effects
A: horns 2, retaliatory headbutt
a: no special abilities


You were on level 2 of the Dungeon.
You visited 1 branch of the dungeon, and saw 2 of its levels.

You collected 65 gold pieces.

Inventory:

Hand Weapons
 i - a +2 falchion of freezing (weapon)
Missiles
 e - 6 silver boomerangs (quivered)
Armour
 b - a +0 scale mail (worn)
 c - a +0 buckler (worn)
Jewellery
 h - a +5 ring of evasion (left hand)
Scrolls
 f - a scroll of identify {unknown}
 j - a scroll of teleportation {unknown}
 k - a scroll of amnesia {unknown}
Potions
 a - a potion of invisibility {unknown}
 d - a potion of might
 g - 2 potions of heal wounds {unknown}


   Skills:
 + Level 4.2 Fighting
 + Level 2.9 Long Blades
 + Level 4.1 Armour
 + Level 4.1 Shields


You had 2 spell levels left.
You didn't know any spells.
Your spell library contained the following spells:

 Spells                   Type           Power      Damage    Failure   Level
 Ensorcelled Hibernation  Hex/Ice        0%         N/A       94%         2
 Passwall                 Tmut/Erth      0%         N/A       94%         2
 Swiftness                Air            0%         N/A       99%         3


Dungeon Overview and Level Annotations

Branches:
Dungeon (2/15)

Altars:

Shops:
D:1 [

Annotations:
D:2 Terence


Innate Abilities, Weirdness & Mutations

You have a pair of horns on your head.
You reflexively headbutt those who attack you in melee.


Message History

The bat hits you but does no damage. The bat closely misses you.
You block the hobgoblin's attack.
You slash the hobgoblin! You freeze the hobgoblin.
You kill the hobgoblin!
The bat misses you.
You closely miss the bat. You headbutt the bat.
You kill the bat!
Things that are here:
a bat corpse; a hobgoblin corpse
Things that are here:
a bat corpse; a hobgoblin corpse You now have 56 gold pieces (gained 10).
Found a stone staircase leading down.
Found 9 gold pieces.
Found 7 stones.
There is a stone staircase leading down here.
Found a scroll labelled XAPIZETSUT.
You now have 65 gold pieces (gained 9).
Terence the Incautious comes into view.
He is wielding a +0 flail and carrying a wand of quicksilver (7).
Terence shouts!
Terence zaps a wand.
The bolt of dispelling energy hits you!
Terence zaps a wand.
The bolt of dispelling energy hits you!
You hit Terence but do no damage. Your headbutt misses Terence.
Terence barely misses you.
You hit Terence. You freeze Terence.
Terence is moderately wounded.
Terence misses you. Terence closely misses you.
You closely miss Terence.
Terence is moderately wounded.
Terence barely misses you.
You hit Terence but do no damage. Your headbutt misses Terence.
Terence is moderately wounded.
Terence barely misses you.
You hit Terence. You freeze Terence. You headbutt Terence.
Terence is heavily wounded.
Terence hits you but does no damage.
You barely miss Terence.
Terence is heavily wounded.
Terence zaps a wand.
The bolt of dispelling energy hits you!
You die...

#...<...#.......
#########....### ##
#....# ..## #....# ..#
#....#
#######.########....#
#......?......##....#
#.............##....###
#....@@.......#.....†..
#.............#.....###
#######..######.###.# #
##..(..... #.# #
#....###. ..# # #....#
##### #....# #...
#....# #.## #....# #. #


You could see Terence.

Vanquished Creatures
  2 dart slugs (D:1)
  7 bats
  6 endoplasms (D:1)
  A giant cockroach (D:1)
  A goblin (D:1)
  4 hobgoblins
  3 kobolds (D:1)
  2 ball pythons (D:1)
  3 frilled lizards
  4 rats
33 creatures vanquished.

Notes
Turn   | Place    | Note
-------+----------+-------------------------------------------
     0 | D:1      | Fodor the Minotaur Fighter began the quest for the Orb.
     0 | D:1      | Reached XP level 1. HP: 19/19 MP: 0/0
   138 | D:1      | Reached XP level 2. HP: 27/27 MP: 1/1
   281 | D:1      | Noticed an eye of devastation
   283 | D:1      | Found a faded altar of an unknown god.
   286 | D:1      | Noticed a golden eye
   291 | D:1      | Noticed an eye of devastation
   291 | D:1      | Noticed a golden eye
   402 | D:1      | Found Arurot's Antique Armour Boutique.
   557 | D:1      | Reached XP level 3. HP: 33/33 MP: 2/2
   920 | D:2      | Noticed Terence
   930 | D:2      | Killed from afar by Terence

Illustrated notes

Levels and vault maps discovered:
D:1:      ebering_trefoil_3fold, layout_loops_cross,
          hellmonk_ecumenical_altar_watching_god, serial_shops, shop,
          minmay_pentomino_p4
D:2:      layout_basic, uniq_terence

Skill      XL: |  1  2 |
---------------+-------+-----
Fighting       | 4 |  4.2
Shields        | 4 |  4.1
Armour         | 4 |  4.1
Long Blades    | |  2.9

Action                     || total
---------------------------++-------
  Melee: Long sword        ||    45
         Headbutt          ||    10
         Falchion          ||    14
 Armour: Scale mail        ||    29
  Dodge: Dodged            ||    47
  Block: Buckler           ||    14
